 Dungeon Sprint DCSS version 0.21-a0-52-gbf49515 (webtiles) character file.

216 Kidiri the Ruffian (level 5, -2/57 HPs)
             Began as a Troll Monk on June 13, 2017.
             Was a Believer of Wu Jian.
             Shot with an arrow by a deep elf archer (27 damage)
             ... in the Dungeon (Sprint V: "Ziggurat Sprint").
             The game lasted 00:01:11 (123 turns).

Kidiri the Ruffian (Troll Monk)                      Turns: 123, Time: 00:01:12

Health: -2/57      AC:  5    Str: 25    XL:     5   Next: 61%
Magic:  3/6        EV: 14    Int:  6    God:    Wu Jian [**....]
Gold:   0          SH:  0    Dex: 19    Spells: 7/7 levels left

rFire    . . .     SeeInvis .     - Unarmed
rCold    . . .     Gourm    +   (no shield)
rNeg     . . .     Faith    .   a - +0 robe
rPois    .         Spirit   .   (helmet restricted)
rElec    .         Reflect  .   (no cloak)
rCorr    .         Harm     .   (gloves unavailable)
MR       .....     NoTele   +   (boots unavailable)
Stlth    ++........             (no amulet)
Regen    0.6/turn               z - +6 ring of dexterity
MPRegen  0.1/turn               D - +6 ring of strength

@: no status effects
A: unfitting armour, claws 3, fast metabolism 3, gourmand, regeneration 1,
shaggy fur 1, tough skin 2
a: Renounce Religion


You were in the Dungeon.
You worshipped Wu Jian.
Wu Jian was pleased with you.
You were not hungry.

You visited 1 branch

Inventory:

Armour
 a - a +0 robe (worn)
 i - +5 gold dragon scales
 y - the +18 shield of the Gong {rElec rN+ MR+ EV-5}
   (You found it in the Dungeon)

   It affects your evasion (-5).
   It insulates you from electricity.
   It protects you from negative energy.
   It affects your resistance to hostile enchantments.
Jewellery
 z - a +6 ring of dexterity (left claw)
 A - a +6 ring of dexterity
 D - a +6 ring of strength (right claw)
 E - a +6 ring of strength
Wands
 F - a wand of disintegration (7/24)
 G - a wand of iceblast (5/15)
 H - a wand of lightning (5/15)
 I - a wand of acid (5/15)
Scrolls
 h - 4 scrolls of blinking
 p - 4 scrolls of amnesia
 q - 3 scrolls of recharging
 r - 7 scrolls of fog
 s - a scroll of holy word
 t - 5 scrolls of identify
 u - 5 scrolls of remove curse
 v - 2 scrolls of fear
Potions
 c - 10 potions of curing
 d - 8 potions of heal wounds
 e - 6 potions of haste
 f - 7 potions of magic
 g - 3 potions of berserk rage
 j - 2 potions of brilliance
 k - 2 potions of invisibility
 l - 4 potions of resistance
 n - 5 potions of agility
 o - 5 potions of might
Comestibles
 b - 6 bread rations
 w - 42 fruits
 x - 4 meat rations


   Skills:
 + Level 5.3 Fighting
 + Level 2.7 Throwing
 + Level 2.4 Armour
 + Level 5.7 Dodging
 + Level 2.6 Stealth
 + Level 2.4 Shields
 + Level 7.0 Unarmed Combat
 + Level 1.7 Spellcasting
 + Level 2.1 Evocations


You had 7 spell levels left.
You didn't know any spells.

Dungeon Overview and Level Annotations

Branches:
Dungeon (1/1)

Altars:
Ashenzari
Cheibriados
Dithmenos
Elyvilon
Fedhas
Gozag
Hepliaklqana
Kikubaaqudgha
Makhleb
Nemelex Xobeh
Okawaru
Qazlal
Ru
Sif Muna
Trog
Uskayaw
Vehumet
Wu Jian
Xom
Yredelemnul
Zin
The Shining One
Beogh
Jiyva
Lugonu

Annotations:
D 1 transporter


Innate Abilities, Weirdness & Mutations

You are too large for most types of armour.
You have claws for hands.
Your metabolism is lightning-fast.
You like to eat raw meat.
Your natural rate of healing is unusually fast.
You are covered in fur. (AC +1)
You have very tough skin. (AC +2)


Message History

Unknown command.
You feel much better. The air elemental closely misses you.
The deep elf archer shoots an arrow.
The arrow misses you. The air elemental hits you!
The deep elf knight gestures wildly while chanting.
The deep elf knight seems to speed up.
Unknown command.
You feel more experienced!
Your Fighting skill increases to level 5!
Your Throwing skill gained 2 levels and is now at level 2!
Your Armour skill gained 2 levels and is now at level 2!
Your Stealth skill increases to level 2!
Your Shields skill gained 2 levels and is now at level 2!
Your Unarmed Combat skill increases to level 7!
Your Spellcasting skill increases to level 1!
Your Evocations skill gained 2 levels and is now at level 2!
You have reached level 5!
The air elemental barely misses you. The air elemental hits you!
The deep elf archer shoots an arrow.
The arrow hits you!!
You die...

▓▓▓▓▓▓▓▓▓▓▓▓▓
▓.8©8.▓.8©8.▓
▓.:e}.▓.....▓
▓.....▓.=.:.▓
▓.....▓.....▓
▓...e.▓.....▓
▓...E@▓.....▓
▓.....▓▓▓▓▓▓▓
▓▓▓▓▓▓▓


You could see a deep elf archer, a deep elf knight and an air elemental.

Vanquished Creatures
  A wolf (D)
  An iguana (D)
2 creatures vanquished.

Vanquished Creatures (others)
  3 spatial maelstroms (D)
3 creatures vanquished.

Grand Total: 5 creatures vanquished

Notes
Turn   | Place    | Note
-------+----------+-------------------------------------------
     0 | D        | Kidiri the Troll Monk began the quest for the Orb.
     0 | D        | Reached XP level 1. HP: 22/22 MP: 0/0
     2 | D        | Banished a spatial maelstrom
     7 | D        | Found a deep blue altar of Sif Muna.
     7 | D        | Found a bloodstained altar of Trog.
     7 | D        | Found a sacrificial altar of Ru.
     7 | D        | Found a stormy altar of Qazlal.
     7 | D        | Found an iron altar of Okawaru.
    10 | D        | Found a sparkling altar of Nemelex Xobeh.
    10 | D        | Found a blossoming altar of Fedhas.
    12 | D        | Found a transporter.
    12 | D        | Found an ancient bone altar of Kikubaaqudgha.
    12 | D        | Found a viscous altar of Jiyva.
    12 | D        | Found a corrupted altar of Lugonu.
    12 | D        | Found a hazy altar of Hepliaklqana.
    12 | D        | Found a burning altar of Makhleb.
    12 | D        | Found an opulent altar of Gozag.
    35 | D        | Banished a spatial maelstrom
    43 | D        | Became a worshipper of the Wu Jian Council
    43 | D        | Reached * piety under Wu Jian
    43 | D        | Reached ** piety under Wu Jian
    45 | D        | Banished a spatial maelstrom
    58 | D        | Entered arena 2.
    58 | D        | Noticed a wolf
    58 | D        | Noticed an iguana
    58 | D        | Found a transporter.
    68 | D        | Killed a wolf
    68 | D        | Reached skill level 5 in Unarmed Combat
    68 | D        | Reached XP level 2. HP: 15/33 MP: 1/1
    68 | D        | Reached XP level 3. HP: 19/40 MP: 2/2
    68 | D        | Reached XP level 4. HP: 23/49 MP: 3/3
    68 | D        | Reached skill level 5 in Dodging
    68 | D        | Reached skill level 6 in Unarmed Combat
   118 | D        | Entered arena 3.
   118 | D        | Noticed a deep elf knight
   118 | D        | Noticed an air elemental
   118 | D        | Noticed a deep elf archer
   118 | D        | Found a transporter.
   123 | D        | Reached skill level 5 in Fighting
   123 | D        | Reached skill level 7 in Unarmed Combat
   123 | D        | Reached skill level 1 in Spellcasting
   123 | D        | Reached XP level 5. HP: 34/57 MP: 3/6
   123 | D        | Shot with an arrow by a deep elf archer

Vault maps used:
D:        sprint_v

Skill      XL: |  1  2  3  4 |
---------------+-------------+-----
Fighting       | 4 5 |  5.3
Dodging        | 4 5 |  5.7
Unarmed Combat | 5 7 |  7.0
Throwing       | 2 |  2.7
Armour         | 2 |  2.4
Stealth        | 2 |  2.6
Shields        | 2 |  2.4
Spellcasting   | 1 |  1.7
Evocations     | 2 |  2.1

Action                   |  1- 3 |  4- 6 || total
-------------------------+-------+-------++-------
Melee: Unarmed           |    10 |     3 ||    13
  Use: Potion            |     1 |     2 ||     3
 Stab: Sleeping          |     2 |       ||     2
Armor: Robe              |     2 |     1 ||     3
Dodge: Dodged            |     9 |     4 ||    13
